 Dungeon Sprint DCSS version 0.30-a0-39-g42789b21ef (webtiles) character file.

Game seed: 6801379455899086458

792 mhtbhm the Geomancer (level 7, -10/36 HPs)
             Began as a Deep Elf Earth Elementalist on Aug 28, 2022.
             Was a Believer of Vehumet.
             Shot with an arrow by a centaur warrior (16 damage)
             ... in the Dungeon (Sprint IX: "|||||||||||||||||||||||||||||").
             The game lasted 00:02:11 (723 turns).

mhtbhm the Geomancer (Deep Elf Earth Elementalist)   Turns: 723, Time: 00:02:11

Health: -10/36     AC:  6    Str:  8    XL:     7   Next: 57%
Magic:  25/25      EV: 15    Int: 22    God:    Vehumet [**....]
Gold:   0          SH:  0    Dex: 15    Spells: 19/31 levels left

rFire   . . .      SeeInvis .    j - +4 quarterstaff (speed)
rCold   . . .      Faith    .    (shield currently unavailable)
rNeg    . . .      Spirit   .    a - +0 robe
rPois   .          Reflect  .    (no helmet)
rElec   .          Harm     .    (no cloak)
rCorr   .          Rampage  .    k - +0 pair of gloves
Will    .....      NoTele   +    l - +0 pair of boots
Stlth   +++.......               (no amulet)
HPRegen 0.12/turn                m - +3 ring of strength
MPRegen 0.19/turn                n - +2 ring of protection

@: invisible
A: no striking features
a: Renounce Religion


You were in the Dungeon.
You worshipped Vehumet.
Vehumet was pleased with you.
You visited 1 branch

Inventory:

Hand Weapons
 j - a +4 quarterstaff of speed (weapon)
Armour
 a - a +0 robe (worn)
 k - a +0 pair of gloves (worn)
 l - a +0 pair of boots (worn)
Jewellery
 m - a +3 ring of strength (left hand)
 n - a +2 ring of protection (right hand)
Wands
 i - a wand of quicksilver (8)
Scrolls
 h - 2 scrolls of amnesia
Potions
 b - 5 potions of magic
 c - 5 potions of curing
 f - a potion of berserk rage


   Skills:
 + Level 6.3 Dodging
 + Level 5.6 Stealth
 + Level 12.8 Spellcasting
 + Level 0.5 Conjurations
 + Level 2.1 Transmutations
 + Level 13.3 Earth Magic
 + Level 0.9 Evocations


You had 19 spell levels left.
You knew the following spells:

 Your Spells              Type           Power      Damage    Failure   Level
a - Sandblast             Erth           100%       2d20      1%          1
b - Passwall              Tmut/Erth      40%        N/A       1%          2
c - Stone Arrow           Conj/Erth      88%        3d12      1%          3
d - Petrify               Tmut/Erth      48%        N/A       1%          4
e - Searing Ray           Conj           32%        2d5       5%          2

Your spell library contained the following spells:

 Spells                   Type           Power      Damage    Failure   Level


Dungeon Overview and Level Annotations

Branches:
Dungeon (1/1)

Altars:
Cheibriados
Dithmenos
Elyvilon
Fedhas
Gozag
Hepliaklqana
Kikubaaqudgha
Makhleb
Nemelex Xobeh
Okawaru
Qazlal
Ru
Sif Muna
Trog
Uskayaw
Vehumet
Wu Jian
Xom
Yredelemnul
Zin
The Shining One
Jiyva
Lugonu


Message History

The hellwing hits you but does no damage.
Unknown command.
Casting: Sandblast (safe; 1% risk of failure)
Confirm with . or Enter, or press ? or * to list all spells.
Aiming: Sandblast (safe; 1% risk of failure)
Press: ? - help, Shift-Dir - straight line, f/p - centaur warrior
Aim: a centaur warrior (89% to hit)
The blast of sand hits the centaur warrior!!
The centaur warrior is moderately wounded.
The centaur warrior hits you!
The centaur warrior completely misses you.
The kobold demonologist casts a cantrip, but nothing happens.
The hellwing barely misses you. x2; The centaur warrior hits you.
The centaur warrior kicks you but does no damage.
The hellwing hits you but does no damage. x2
Unknown command.
Unknown command.
Unknown command.
Okay, then.
You feel much better. The centaur warrior hits you.
The centaur warrior kicks you. The centaur warrior hits you!
The centaur warrior kicks you but does no damage.
The hellwing hits you!
* * * LOW HITPOINT WARNING * * *
The hellwing closely misses you.
Blink to where?
Press: ? - help, Dir - move target, p - centaur warrior
As you read the scroll of blinking, it crumbles to dust.
Okay, then.
You fade into invisibility!
You close the door, pushing everything out of the way.
You see here a +0 club.
A hellwing breaks down the door.
You see here a +0 plate armour.
Things that are here:
a +0 trident; a +0 plate armour; an orc skeleton The hellwing disappears in a puff of smoke!
The centaur warrior wields a +0 longbow.
The centaur warrior shoots an arrow.
The arrow hits you!
You die...

▓_▓
▓_▓
▓_▓
▓_▓
▓_▓
▓'▓
▓.▓
▓.▓
▓@▓
▓)▓
▓.▓
▓.▓
▓[▓
▓§▓
▓)▓
▓c▓
▓K▓


You could see a centaur warrior (unable to see you).

Vanquished Creatures
  A troll (D)
  A yak (D)
  An orc warrior (D)
  An ogre (D)
  2 kobold brigands (D)
  A killer bee (D)
  A hound (D)
  A gnoll bouda (D)
  2 adders (D)
  2 ball pythons (D)
  A bat (D)
  An endoplasm (D)
  A quokka (D)
16 creatures vanquished.

Notes
Turn   | Place    | Note
-------+----------+-------------------------------------------
     0 | D        | mhtbhm the Deep Elf Earth Elementalist began the quest for
                  | the Orb.
     0 | D        | Reached XP level 1. HP: 10/10 MP: 6/6
     8 | D        | Reached skill level 4 in Earth Magic
    68 | D        | Noticed a hound
    68 | D        | Noticed an ogre
    68 | D        | Noticed a gnoll bouda
    69 | D        | Killed a hound
    70 | D        | Reached skill level 5 in Spellcasting
    70 | D        | Reached skill level 5 in Earth Magic
    70 | D        | Reached XP level 2. HP: 15/15 MP: 7/10
    70 | D        | Reached XP level 3. HP: 19/19 MP: 7/11
    77 | D        | Reached skill level 6 in Earth Magic
    80 | D        | Killed an ogre
    81 | D        | Reached skill level 8 in Earth Magic
    81 | D        | Reached XP level 4. HP: 24/24 MP: 4/15
    82 | D        | Reached XP level 5. HP: 28/28 MP: 3/17
    85 | D        | Reached skill level 9 in Earth Magic
   128 | D        | Learned a level 2 spell: Passwall
   132 | D        | Learned a level 3 spell: Stone Arrow
   137 | D        | Learned a level 4 spell: Petrify
   216 | D        | Found a snail-covered altar of Cheibriados.
   216 | D        | Found a shadowy altar of Dithmenos.
   216 | D        | Found a white marble altar of Elyvilon.
   216 | D        | Found a blossoming altar of Fedhas.
   216 | D        | Found an opulent altar of Gozag.
   217 | D        | Found a hazy altar of Hepliaklqana.
   218 | D        | Found a viscous altar of Jiyva.
   219 | D        | Found an ancient bone altar of Kikubaaqudgha.
   220 | D        | Found a corrupted altar of Lugonu.
   221 | D        | Found a burning altar of Makhleb.
   222 | D        | Found a sparkling altar of Nemelex Xobeh.
   223 | D        | Found an iron altar of Okawaru.
   224 | D        | Found a stormy altar of Qazlal.
   225 | D        | Found a sacrificial altar of Ru.
   226 | D        | Found a shimmering blue altar of Sif Muna.
   227 | D        | Found a bloodstained altar of Trog.
   228 | D        | Found a hide-covered altar of Uskayaw.
   229 | D        | Found a radiant altar of Vehumet.
   230 | D        | Found an ornate altar of the Wu Jian Council.
   231 | D        | Found a shimmering altar of Xom.
   232 | D        | Found a basalt altar of Yredelemnul.
   233 | D        | Found a glowing silver altar of Zin.
   234 | D        | Found a glowing golden altar of the Shining One.
   239 | D        | Became a worshipper of Vehumet
   281 | D        | Noticed a yak
   281 | D        | Noticed a troll
   281 | D        | Noticed an orc warrior
   284 | D        | Killed a yak
   285 | D        | Reached skill level 5 in Dodging
   285 | D        | Reached skill level 10 in Earth Magic
   285 | D        | Reached XP level 6. HP: 30/32 MP: 14/20
   288 | D        | Reached skill level 5 in Stealth
   288 | D        | Reached skill level 10 in Spellcasting
   288 | D        | Reached skill level 11 in Earth Magic
   333 | D        | Killed a troll
   333 | D        | Reached * piety under Vehumet
   333 | D        | Offered knowledge of Shock by Vehumet.
   334 | D        | Reached skill level 12 in Earth Magic
   334 | D        | Reached XP level 7. HP: 29/36 MP: 20/24
   560 | D        | Reached skill level 13 in Earth Magic
   623 | D        | Offered knowledge of Searing Ray by Vehumet.
   623 | D        | Reached ** piety under Vehumet
   627 | D        | Learned a level 2 spell: Searing Ray
   709 | D        | Noticed a centaur warrior
   709 | D        | Noticed a kobold demonologist
   709 | D        | Noticed a centaur warrior
   709 | D        | Noticed a deep elf pyromancer
   709 | D        | Noticed a two-headed ogre
   709 | D        | Noticed a komodo dragon
   710 | D        | Noticed a hellwing
   723 | D        | Shot with an arrow by a centaur warrior

Illustrated notes

Levels and vault maps discovered:
D:        linesprint [early_d, line_temple, items_1, d_10, items_2, lair_1,
          lair_end, items_3, orc_1, orc_end, items_4, d_15, swamp_1, shoals_1,
          snake_1, spider_1, d_20, vaults_1, items_5, swamp_end, shoals_end,
          snake_end, spider_end, vaults_end, d_27, items_6, zot_1, zot_end,
          crypt_end, forest_end, elf_end, slime_end, tomb_end, abyss_end,
          pan_hell_end]

Skill      XL: |  1  2  3  4  5  6  7 |
---------------+----------------------+-----
Spellcasting   | 5 7 9 11 12 | 12.8
Earth Magic    | 5 8 10 12 13 | 13.3
Dodging        | 3 4 5 6 |  6.3
Stealth        | 3 4 5 |  5.6
Transmutations | 2 |  2.1
Conjurations   | |  0.5
Evocations     | |  0.9

Action                   |  1- 3 |  4- 6 |  7- 9 || total
-------------------------+-------+-------+-------++-------
 Cast: Sandblast         |    10 |    11 |     5 ||    26
       Stone Arrow       |       |       |     3 ||     3
Evoke: Wand              |       |     2 |       ||     2
  Use: Potion            |     1 |       |     4 ||     5
       Scroll            |       |     1 |     1 ||     2
Armor: Robe              |     1 |     1 |     8 ||    10
Dodge: Dodged            |     4 |     5 |    10 ||    19

Table legend: (Time is in decaauts)
 A = Elapsed time spent in this place.
 B = Non-inter-level travel time spent in this place.
 C = Inter-level travel time spent in this place.
 D = Time resting spent in this place.
 E = Time spent auto-exploring this place.
 F = Levels seen in this place.
 G = Mean time per level.
                   A        B        C        D        E       F      G
               +--------+--------+--------+--------+--------+-----+--------+
         Total |    714 |    714 |      0 |    372 |     66 |   1 |  714.0 |
       Dungeon |    714 |    714 |      0 |    372 |     66 |   1 |  714.0 |
               +--------+--------+--------+--------+--------+-----+--------+

Top non-repeatable levels by time:
       D: 714 daAuts
